 Dungeon Crawl Stone Soup version 0.32-a0-995-gb4a59205af (webtiles) character file.

Game seed: 5299721875585912264

662 Sweetruy1997 the Grave Robber (level 7, -2/79 (84) HPs)
             Began as a Gnoll Wanderer on Mar 6, 2024.
             Succumbed to Patrick2011b's ghost's poison
             ... on level 5 of the Dungeon on Apr 22, 2024.
             The game lasted 00:14:04 (4972 turns).

Sweetruy1997 the Grave Robber (Gnoll Wanderer)      Turns: 4972, Time: 00:14:05

HP:   -2/79 (84)    AC: 30    Str: 12    XL:     7   Next: 56%
MP:   15/15         EV:  2    Int: 10    God:
Gold: 266           SH:  0    Dex: 18    Spells: 10/17 levels left

rFire   + . .        f - +2 flail (protect)
rCold   . . .        (no shield)
rNeg    . . .        c - melded +0 leather armour
rPois   +            r - melded +0 helmet
rElec   .            (cloak currently unavailable)
rCorr   .            (gloves currently unavailable)
SInv    .            h - melded +0 pair of boots
Will    +....        (no amulet)
Stlth   ++           v - ring of protection from fire
HPRegen 0.33/turn    (no ring)
MPRegen 0.14/turn

%: no passive effects
@: mighty, lethally poisoned (-2 -> -25), tree-form, under a protective aura,
attractive, drained
A: stationary, stasis, torment immunity, boosted hp, (fangs 1), strong nose,
distributed training, agile 2, strong-willed 1
a: no special abilities


You were on level 5 of the Dungeon.
You were a tree.
You visited 1 branch of the dungeon, and saw 5 of its levels.

You collected 266 gold pieces.

Inventory:

Hand Weapons
 f - a +2 flail of protection (weapon)
Missiles
 D - a throwing net
Armour
 c - a +0 leather armour (melded)
 h - a +0 pair of boots (melded)
 r - a +0 helmet (melded)
Jewellery
 v - a ring of protection from fire (left branch)
Talismans
 m - a maw talisman
Wands
 u - a wand of digging (4)
Scrolls
 d - 4 scrolls of teleportation
 e - 4 scrolls of identify {unknown}
 g - 2 scrolls of fear {unknown}
 i - a scroll of revelation {unknown}
 j - a scroll of blinking {unknown}
 o - 3 scrolls of enchant weapon {unknown}
 p - a scroll of fog {unknown}
 q - a scroll of noise {unknown}
 s - 2 scrolls of poison {unknown}
 t - a scroll of vulnerability {unknown}
 w - a scroll of butterflies {unknown}
 y - a scroll of amnesia {unknown}
 B - a scroll of enchant armour {unknown}
Potions
 a - a potion of attraction
 k - a potion of heal wounds {unknown}
 l - a potion of mutation
 n - a potion of might
 x - 2 potions of curing {unknown}
 z - a potion of degeneration {unknown}
 A - a potion of brilliance {unknown}
 C - a potion of magic {unknown}


   Skills:
 + Level 5.3 Fighting
 + Level 2.6 Short Blades
 + Level 2.6 Long Blades
 + Level 2.6 Axes
 + Level 2.6 Maces & Flails
 + Level 2.6 Polearms
 + Level 2.6 Staves
 + Level 2.6 Ranged Weapons
 + Level 2.6 Throwing
 + Level 3.7 Armour
 + Level 2.6 Dodging
 + Level 2.6 Stealth
 + Level 2.6 Shields
 + Level 2.6 Unarmed Combat
 + Level 5.7 Spellcasting
 + Level 2.1 Conjurations
 + Level 2.1 Hexes
 + Level 2.1 Summonings
 + Level 5.9 Necromancy
 + Level 2.1 Translocations
 + Level 2.1 Fire Magic
 + Level 2.1 Ice Magic
 + Level 2.1 Air Magic
 + Level 2.1 Earth Magic
 + Level 2.1 Alchemy
 + Level 4.0 Invocations
 + Level 3.7 Evocations
 + Level 2.4 Shapeshifting


You had 10 spell levels left.
You knew the following spells:

 Your Spells              Type           Power      Damage    Failure   Level
a - Necrotise             Necr           56%        1d6       1%          1
b - Cigotuvi's Dreadful   Necr/Alch/Air  18%        N/A       8%          2
c - Martyr's Knell        Necr/Summ      10%        N/A       38%         4

Your spell library contained the following spells:

 Spells                   Type           Power      Damage    Failure   Level
 Conjure Ball Lightning   Conj/Air       3%         3x3d6     100%        6
 Discord                  Hex            3%         N/A       100%        8
 Disjunction              Tloc           3%         N/A       100%        8
 Death's Door             Necr           7%         N/A       100%        9
 Dragon's Call            Summ           3%         N/A       100%        9


Dungeon Overview and Level Annotations

Branches:
Dungeon (5/15)
 Temple: D:4-7

Altars:


Innate Abilities, Weirdness & Mutations

You are a tree.
Your roots penetrate the ground, keeping you stationary.
You cannot be teleported.
You are immune to unholy pain and torment.
Your maximum health is greatly increased.
Your equipment is partially melded.
((You have very sharp teeth.))
Your uncanny sense of smell can sniff out nearby items.
Your experience applies equally to all skills.
You are very agile. (Dex +8, Str/Int -2)
You are strong-willed. (Will+)


Message History

Patrick2011b's ghost hits you but does no damage.
You thump Patrick2011b's ghost!
Patrick2011b's ghost is heavily damaged.
You feel very sick.
Patrick2011b's ghost completely misses you.
Patrick2011b's ghost closely misses you.
You hit Patrick2011b's ghost but do no damage.
Patrick2011b's ghost is heavily damaged.
You feel very sick.
Patrick2011b's ghost closely misses you.
You hit Patrick2011b's ghost.
Patrick2011b's ghost is heavily damaged.
You feel sick. Patrick2011b's ghost stares at you.
Patrick2011b's ghost closely misses you.
You hit Patrick2011b's ghost.
You bite Patrick2011b's ghost, but do no damage.
Patrick2011b's ghost is heavily damaged.
You feel sick.
Patrick2011b's ghost hits you but does no damage.
You are lethally poisoned!
You sock Patrick2011b's ghost!
You bite Patrick2011b's ghost, but do no damage.
Patrick2011b's ghost is almost destroyed.
* * * LOW HITPOINT WARNING * * *
You feel very sick.
Patrick2011b's ghost hits you but does no damage.
You are more poisoned.
Patrick2011b's ghost barely misses you.
You turn into a tree.
Your +0 helmet melds into your body.
Your +0 pair of boots melds into your body.
Your +0 leather armour melds into your body.
Your roots penetrate the ground.
* * * LOW HITPOINT WARNING * * *
You feel very sick.
Patrick2011b's ghost hits you but does no damage.
You are more poisoned.
You sock Patrick2011b's ghost!
You destroy Patrick2011b's ghost!
You die...

####..##.....##...##..#
#.#.###
#....#⌠.?♣!.⌠#...##..#
#.#.# #
#.#..##.....##..###..#
#.#.# #
#.....##...##...###.)#
#.#.# #
##.##...##.##.........#
#...###
#........#'#...#####..#
#......
#.>####.......## #..#
#..#### #..#
##.....#######..# #..#
#..#
##.......♣.....#####..#
#..#
#############........#
...# #######..# #..#
#..# # #..#
##############..####
#..#
#...................
#..#
#.##################
#..# #.# #..# #.#


There were no monsters in sight!

Vanquished Creatures
  The ghost of Patrick2011b the Sneak, an amateur GrWn (D:5)
  A phantom (D:5)
  2 scorpions
  An orc priest (D:5)
  A jelly (D:5)
  A gnoll bouda (D:5)
  A hound (D:4)
  3 iguanas (D:5)
  2 orc wizards (D:5)
  7 adders
  4 gnolls (D:5)
  2 ufetubi (D:5)
  A dart slug (D:1)
  2 ribbon worms
  9 orcs
  4 bats
  10 endoplasms
  8 giant cockroaches
  7 goblins
  12 hobgoblins
  4 quokkas
  6 ball pythons
  5 frilled lizards
  7 kobolds
  5 rats
106 creatures vanquished.

Vanquished Creatures (collateral kills)
  A goblin (D:1)
  A bat (D:2)
2 creatures vanquished.

Grand Total: 108 creatures vanquished

Notes
Turn   | Place    | Note
-------+----------+-------------------------------------------
     0 | D:1      | Sweetruy1997 the Gnoll Wanderer began the quest for the
                  | Orb.
     0 | D:1      | Sweetruy1997 set off with the following items: a +0 club, a
                  | potion of lignification, a +0 leather armour, 2 scrolls of
                  | teleportation; and the following spell memorised:
                  | Necrotise; and the following spells available to memorise:
                  | Cigotuvi's Dreadful Rot, Martyr's Knell.
     0 | D:1      | Reached XP level 1. HP: 20/20 MP: 6/6
     7 | D:1      | Upgraded the game from 0.32-a0-616-g9348d4545b to
                  | 0.32-a0-656-g3542139ebd
   162 | D:1      | Reached XP level 2. HP: 13/26 MP: 5/7
   431 | D:1      | Reached skill level 5 in Spellcasting
   431 | D:1      | Reached XP level 3. HP: 31/31 MP: 4/9
   434 | D:1      | Learned a level 2 spell: Cigotuvi's Dreadful Rot
  1317 | D:2      | Reached skill level 1 in Short Blades
  1317 | D:2      | Reached skill level 1 in Long Blades
  1317 | D:2      | Reached skill level 1 in Axes
  1317 | D:2      | Reached skill level 1 in Maces & Flails
  1317 | D:2      | Reached skill level 1 in Polearms
  1317 | D:2      | Reached skill level 1 in Staves
  1317 | D:2      | Reached skill level 1 in Ranged Weapons
  1317 | D:2      | Reached skill level 1 in Throwing
  1317 | D:2      | Reached skill level 1 in Dodging
  1317 | D:2      | Reached skill level 1 in Stealth
  1317 | D:2      | Reached skill level 1 in Shields
  1317 | D:2      | Reached skill level 1 in Unarmed Combat
  1470 | D:2      | Reached skill level 1 in Shapeshifting
  1470 | D:2      | Reached XP level 4. HP: 38/38 MP: 7/11
  2178 | D:3      | Reached skill level 1 in Conjurations
  2178 | D:3      | Reached skill level 1 in Hexes
  2178 | D:3      | Reached skill level 1 in Summonings
  2178 | D:3      | Reached skill level 1 in Translocations
  2178 | D:3      | Reached skill level 1 in Fire Magic
  2178 | D:3      | Reached skill level 1 in Ice Magic
  2178 | D:3      | Reached skill level 1 in Air Magic
  2178 | D:3      | Reached skill level 1 in Earth Magic
  2178 | D:3      | Reached skill level 1 in Alchemy
  2796 | D:3      | Reached XP level 5. HP: 41/42 MP: 10/12
  2976 | D:4      | Learned a level 4 spell: Martyr's Knell
  3222 | D:4      | Upgraded the game from 0.32-a0-656-g3542139ebd to
                  | 0.32-a0-995-gb4a59205af
  3267 | D:4      | Reached XP level 6. HP: 50/50 MP: 9/13
  3527 | D:5      | Entered Level 5 of the Dungeon
  3560 | D:5      | Reached skill level 5 in Fighting
  3864 | D:5      | Found a runed translucent door.
  3864 | D:5      | Noticed Patrick2011b's ghost (amateur GrWn)
  3907 | D:5      | Got the Almanac of the Ghastly Entourage
  4020 | D:5      | Reached XP level 7. HP: 46/56 MP: 8/15
  4963 | D:5      | Gained mutation: You are agile. (Dex +4, Str/Int -1)
                  | [potion of mutation]
  4963 | D:5      | Gained mutation: You are very agile. (Dex +8, Str/Int -2)
                  | [potion of mutation]
  4963 | D:5      | Gained mutation: You are strong-willed. (Will+) [potion of
                  | mutation]
  4972 | D:5      | Killed Patrick2011b's ghost
  4972 | D:5      | Succumbed to Patrick2011b's ghost's poison

Illustrated notes

Levels and vault maps discovered:
D:1:      dpeg_arrival_short_road, layout_basic
D:2:      layout_loops_ring
D:3:      wander_river, layout_loops_ring, minmay_unequal
D:4:      layout_rooms, minmay_splitting_lines
D:5:      layout_loops_ring, hellmonk_ghost_happy_afterlife

Skill      XL: |  1  2  3  4  5  6  7 |
---------------+----------------------+-----
Spellcasting   | 5 |  5.7
Short Blades   | 1 2 |  2.6
Long Blades    | 1 2 |  2.6
Axes           | 1 2 |  2.6
Maces & Flails | 1 2 |  2.6
Polearms       | 1 2 |  2.6
Staves         | 1 2 |  2.6
Ranged Weapons | 1 2 |  2.6
Throwing       | 1 2 |  2.6
Dodging        | 1 2 |  2.6
Stealth        | 1 2 |  2.6
Shields        | 1 2 |  2.6
Unarmed Combat | 1 2 |  2.6
Shapeshifting  | 1 2 |  2.4
Conjurations   | 1 2 |  2.1
Hexes          | 1 2 |  2.1
Summonings     | 1 2 |  2.1
Translocations | 1 2 |  2.1
Fire Magic     | 1 2 |  2.1
Ice Magic      | 1 2 |  2.1
Air Magic      | 1 2 |  2.1
Earth Magic    | 1 2 |  2.1
Alchemy        | 1 2 |  2.1
Invocations    | 3 4 |  4.0
Armour         | 3 |  3.7
Evocations     | 3 |  3.7
Fighting       | 5 |  5.3
Necromancy     | |  5.9

Action                     |  1- 3 |  4- 6 |  7- 9 || total
---------------------------+-------+-------+-------++-------
  Melee: Club              |     2 |       |       ||     2
         Flail             |    17 |    79 |    56 ||   152
         Bite              |     4 |    10 |     5 ||    19
   Cast: Necrotise         |    63 |    88 |    47 ||   198
         Cigotuvi's Dreadf |       |     2 |     1 ||     3
    Use: Potion            |       |       |     4 ||     4
   Stab: Sleeping          |       |     1 |       ||     1
 Armour: Leather armour    |    31 |    90 |    62 ||   183
         Skin              |       |       |     1 ||     1
  Dodge: Dodged            |    26 |   100 |    36 ||   162

Table legend: (Time is in decaauts)
 A = Elapsed time spent in this place.
 B = Non-inter-level travel time spent in this place.
 C = Inter-level travel time spent in this place.
 D = Time resting spent in this place.
 E = Time spent auto-exploring this place.
 F = Levels seen in this place.
 G = Mean time per level.
                   A        B        C        D        E       F      G
               +--------+--------+--------+--------+--------+-----+--------+
         Total |   5037 |   4870 |    167 |      0 |   4034 |   5 | 1007.4 |
       Dungeon |   5037 |   4870 |    167 |      0 |   4034 |   5 | 1007.4 |
               +--------+--------+--------+--------+--------+-----+--------+

Top non-repeatable levels by time:
     D:5: 1471 daAuts
     D:2: 1005 daAuts
     D:1: 980 daAuts
     D:3: 919 daAuts
     D:4: 659 daAuts
